AoeStats
← SHK

Arabia

510313834Analyzed
2v2 RM · 3d ago on Sep 30, 2026· 31m 56s· 4 players
Game mode
Random Map
Map size
Medium (4 player)
Population
200
Speed
Normal
Resources
Standard
Victory
Conquest
Starting age
Dark Age
Ending age
Imperial Age
RankedLock teamsTeams togetherTeam positionsShared explorationLock speedFull tech treeHidden civsTurbo modeCheats
Victory
Defeat
🇰🇷 Cumans · South Korea
1111
+18
🇦🇷 Ethiopians · Argentina
1090
+19
🇨🇳 Jurchens · China
1179
-19
🇨🇳 Saxons · China
1144
-18
JohnSalchichon
6:58 Loom
9:22 Feudal Age
10:06 Double-Bit Axe
12:12 Horse Collar
13:48 Fletching
15:30 Padded Archer Armor
20:41 Castle Age
19:08 Gold Mining
20:53 Crossbowman
21:39 Thumb Ring
21:35 Bodkin Arrow
24:21 Bow Saw
25:39 Heavy Plow
26:26 Leather Archer Armor
SHK
2:38 Loom
10:25 Feudal Age
11:07 Double-Bit Axe
11:06 Horse Collar
14:35 Wheelbarrow
23:44 Castle Age
22:26 Bloodlines
22:54 Gold Mining
23:17 Stone Mining
26:13 Forging
27:13 Scale Barding Armor
28:41 Gold Shaft Mining
28:24 Bow Saw
yuyuyu
7:18 Loom
9:31 Feudal Age
12:08 Double-Bit Axe
12:04 Horse Collar
19:38 Castle Age
27:43 Scale Mail Armor
yanyang
6:14 Loom
9:19 Feudal Age
15:37 Gold Mining
16:15 Double-Bit Axe
16:38 Horse Collar
23:54 Castle Age
22:36 Scale Barding Armor
24:10 Bloodlines
25:03 Bow Saw
26:32 Forging
30:30 Husbandry
Connection lost

Rejoining the realm…

Still unreachable

The connection could not be restored.

Session expired

The server has moved on; the page needs a fresh start.